 Dungeon Crawl Stone Soup version 0.19-a0-1008-g4c63d25 (webtiles) character file.

48 towersofbeng the Skirmisher (level 3, -1/33 HPs)
             Began as a Hill Orc Fighter on July 21, 2016.
             Slain by a raiju (6 damage)
             ... on level 1 of the Abyss.
             The game lasted 00:03:25 (1386 turns).

towersofbeng the Skirmisher (Hill Orc Fighter)      Turns: 1386, Time: 00:03:26

Health: -1/33      AC:  7    Str: 23    XL:     3   Next: 72%
Magic:  3/3        EV:  7    Int:  8    God:
Gold:   126        SH:  9    Dex: 11    Spells: 0 memorised, 2 levels left

rFire  . . .     SeeInvis .     a - +0 war axe
rCold  . . .     Gourm    .     b - +0 scale mail
rNeg   . . .     Faith    .     c - +0 shield
rPois  .         Spirit   .     (no helmet)
rElec  .         Dismiss  .     (no cloak)
rCorr  .         Reflect  .     (no gloves)
SustAt .         Harm     .     (no boots)
MR     .....                    (no amulet)
Stlth  ..........               (no ring)
                                (no ring)

@: mighty, very slightly contaminated, not resistant to hostile enchantments,
extremely unstealthy
A: no striking features
a: no special abilities


You were on level 1 of the Abyss.
You were not hungry.

You visited 1 branch of the dungeon, and saw 2 of its levels.
You visited the Abyss 1 time.

You collected 126 gold pieces.

Inventory:

Hand Weapons
 a - a +0 war axe (weapon)
 g - a +0 great sword
 h - a +2 dagger of venom
 i - a +0 spear of freezing
 o - a +0 dagger of speed
Armour
 b - a +0 scale mail (worn)
 c - a +0 shield (worn)
Scrolls
 l - a scroll of identify
 n - 2 scrolls of blinking
 q - 3 scrolls of remove curse
 s - a scroll of fear {unknown}
 v - a scroll of noise {unknown}
Potions
 e - 2 potions of curing
 j - a potion of brilliance {unknown}
 k - a potion of lignification {unknown}
 r - a potion of cancellation {unknown}
 t - a potion of agility {unknown}
 w - a potion of berserk rage {unknown}
Comestibles
 f - 2 bread rations
 m - 2 fruits
 u - 2 meat rations


   Skills:
 + Level 4.2 Fighting
 + Level 3.2 Axes
 + Level 3.7 Armour
 + Level 3.8 Shields


You had 2 spell levels left.
You didn't know any spells.

Dungeon Overview and Level Annotations

Branches:
Dungeon (2/15)

Altars:
Kikubaaqudgha
Yredelemnul

Annotations:
D:2 Crazy Yiuf


Message History

There is an open door here.
Found 24 stones.
You now have 126 gold pieces (gained 33).
As you read the scroll labeled WIQIARA HINLA, it crumbles to dust.
It is a scroll of identify.
e - 2 potions of curing You open the door. 3 raiju come into view.
There is an open door here.
The raiju barks!
There is a fountain of clear blue water here.
The raiju bursts into living lightning!
The living lightning misses you.
The raiju blinks!
The raiju bites you. The raiju shocks you!
There is a fountain of clear blue water here.
You open the large door. The raiju bites you. The raiju shocks you!
* * * LOW HITPOINT WARNING * * *
You feel very mighty all of a sudden. The raiju bites you.
You die...

.........# .##
8.. ....#.# ..
...##. #. .##.
#.##.... #.##.
###..#...# ##.#
#.# .#...#.....
##⌠##........#.
+h.⌠'......h...
##@##....(.#.#..
#'#...§.§ #..
#'... #.#.#.≈.
#.##....h.....
#...##.#.#.#.#.#
...8. .. .......
##### # .. .. .


You could see a raiju.

Vanquished Creatures
  A gnoll (D:1)
  An adder (D:1)
  A worm (D:2)
  4 bats (D:1)
  2 giant cockroaches (D:1)
  4 goblins
  4 hobgoblins (D:1)
  A quokka (D:2)
  A giant newt (D:2)
  4 kobolds (D:1)
  3 rats
26 creatures vanquished.

Notes
Turn   | Place    | Note
-------+----------+-------------------------------------------
     0 | D:1      | towersofbeng the Hill Orc Fighter began the quest for the Orb.
     0 | D:1      | Reached XP level 1. HP: 19/19 MP: 1/1
    19 | D:1      | Reached XP level 2. HP: 27/27 MP: 2/2
   134 | D:1      | Reached skill level 4 in Fighting
   339 | D:1      | Reached XP level 3. HP: 33/33 MP: 3/3
   898 | D:2      | Found an ancient bone altar of Kikubaaqudgha.
   921 | D:2      | Found a basalt altar of Yredelemnul.
  1352 | D:2      | Found a runed door.
  1356 | D:2      | Noticed Crazy Yiuf
  1358 | D:2      | Cast into level 1 of the Abyss (Crazy Yiuf)
  1382 | Abyss:1  | Noticed a raiju
  1382 | Abyss:1  | Noticed a raiju
  1382 | Abyss:1  | Noticed a raiju
  1382 | Abyss:1  | Noticed a raiju
  1386 | Abyss:1  | Slain by a raiju

Vault maps used:
D:1:      grunt_arrival_crossed_arrows
D:2:      nicolae_overflow_crystal_walls, serial_forest,
          infiniplex_forest_straight_3, infiniplex_forest_zigzag_1,
          infiniplex_forest_end_3, infiniplex_forest_clump_cross,
          infiniplex_forest_straight_1, infiniplex_forest_clump_double,
          infiniplex_forest_end_1, infiniplex_forest_clump_cross,
          infiniplex_forest_lined_room_3, yredelemnul_altar_generic,
          uniq_crazy_yiuf_cottage
Abyss:1:  hangedman_decor_riveting

Skill      XL: |  1  2  3 |
---------------+----------+-----
Fighting       | 4 |  4.2
Axes           | 3 |  3.2
Armour         | |  3.7
Shields        | |  3.8

Action                   || total
-------------------------++-------
Melee: War axe           ||    78
  Use: Scroll            ||     3
       Potion            ||     1
  Eat: Pizza             ||     1
Armor: Scale mail        ||    30
Dodge: Dodged            ||    25
Block: Shield            ||    38
